 Dungeon Crawl Stone Soup version 0.21-a0-55-gb612c23 (webtiles) character file.

59 grindst0ne the Sneak (level 3, 0/24 HPs)
             Began as a Vampire Enchanter on June 15, 2017.
             Slain by an orc wizard
             ... wielding a +0 dagger
              (2 damage)
             ... on level 3 of the Dungeon.
             The game lasted 00:04:08 (1825 turns).

grindst0ne the Sneak (Vampire Enchanter)            Turns: 1825, Time: 00:04:09

Health: 0/24       AC:  3    Str:  7    XL:     3   Next: 78%
Magic:  2/6        EV: 13    Int: 17    God:
Gold:   208        SH:  0    Dex: 17    Spells: 3/6 levels left

rFire    . . .     SeeInvis +   j - +2 dagger (speed)
rCold    + + .     Gourm    .   (no shield)
rNeg     + + +     Faith    .   b - +0 robe
rPois    ∞         Spirit   .   (no helmet)
rElec    .         Reflect  .   (no cloak)
rCorr    .         Harm     .   f - +0 pair of gloves
MR       .....                  (no boots)
Stlth    ++++++....             (no amulet)
HPRegen  0.00/turn              (no ring)
MPRegen  0.10/turn              (no ring)

@: very slightly contaminated, bloodless, non-regenerating
A: fangs 3, thin skeletal structure 1, see invisible, poison resistance, wild
magic 1, unbreathing
a: Bat Form


You were on level 3 of the Dungeon.
You were bloodless.

You visited 1 branch of the dungeon, and saw 3 of its levels.

You collected 208 gold pieces.

Inventory:

Hand Weapons
 a - a +1 dagger
 j - a +2 dagger of speed (weapon)
Armour
 b - a +0 robe (worn)
 f - a +0 pair of gloves (worn)
Jewellery
 i - a +5 ring of strength {unknown}
 k - an uncursed ring of flight {unknown}
Scrolls
 d - a scroll of immolation {unknown}
 g - 2 scrolls of remove curse {unknown}
 h - a scroll of fear {unknown}
 l - a scroll of identify {unknown}
Potions
 e - a potion of mutation
 m - 2 potions of degeneration {unknown}
 n - a potion of lignification {unknown}
 q - 10 potions of blood
Books
 c - a book of Maledictions

   Spells                             Type                      Level
   a - Corona                         Hexes                        1
   b - Ensorcelled Hibernation        Hexes/Ice                    2
   c - Confuse                        Hexes                        3
   d - Tukima's Dance                 Hexes                        3
   e - Dazzling Spray                 Conjuration/Hexes            3


   Skills:
 - Level 1.1 Short Blades
 - Level 2.1 Dodging
 + Level 6.1 Stealth
 - Level 2.0 Spellcasting
 + Level 5.7 Hexes


You had 3 spell levels left.
You knew the following spells:

 Your Spells              Type           Power        Failure   Level  Hunger
b - Ensorcelled Hibernat  Hex/Ice        ##....       13%         2    ###....
o - Corona                Hex            ####...      3%          1    #......


Dungeon Overview and Level Annotations

Branches:
Dungeon (3/15)

Altars:


Innate Abilities, Weirdness & Mutations

You do not heal naturally.
You are immune to poison.
You have razor-sharp teeth.
You have supernaturally acute eyesight. (SInv)
You can survive without breathing.
You have a somewhat thin skeletal structure. (Dex +2, Stealth)
Your system is resistant to poisons. (rPois)
Your spells are a little harder to cast, but a little more powerful.


Message History

You don't have enough magic to cast that spell.
Unknown command.
Casting: Ensorcelled Hibernation
Confirm with . or Enter, or press ? or * to list all spells.
You don't have enough magic to cast that spell.
Unknown command.
The orc wizard points at you and mumbles some strange words.
The puff of frost hits you! You resist. The orc wizard casts a spell at you.
The puff of frost hits you! You resist.
The orc wizard gestures at you while chanting.
The puff of frost hits you! You resist.
The orc wizard gestures at you while chanting.
The puff of flame hits you!
* * * LOW HITPOINT WARNING * * *
It was a potion of mutation.
You feel extremely strange.
You feel resistant to poisons.
Your bones become slightly less dense.
You feel less in control of your magic. The orc wizard hits you with a dagger.
You die...

############ #....).....#
#.....÷....# #<.........#
######## #.....>....####
#......#########.............####
#.............##..........##.....
#.......#####..#@......[..###....
..........o..o.o...(..........#..
#######...######.................
# ###.# ######.###.##.##.. #
#o#### #.#...#8.8#.. ##### #....#
#.%.#........ ....########.###
##...#.#8.8#.. ###....### #...#
###...##.##.##..
#####...###..o###...#....#..##.#


You could see 3 orc wizards.

Vanquished Creatures
  An adder (D:3)
  An ooze (D:2)
  A worm (D:2)
  2 dart slugs (D:1)
  2 orcs (D:3)
  2 ball pythons
  5 goblins
  7 hobgoblins
  A kobold (D:1)
  A quokka (D:2)
  4 bats
  2 frilled lizards
  7 rats (D:1)
36 creatures vanquished.

Notes
Turn   | Place    | Note
-------+----------+-------------------------------------------
     0 | D:1      | grindst0ne the Vampire Enchanter began the quest for the Orb.
     0 | D:1      | Reached XP level 1. HP: 13/13 MP: 3/3
    78 | D:1      | Reached XP level 2. HP: 19/19 MP: 5/5
    86 | D:1      | Learned a level 2 spell: Ensorcelled Hibernation
   205 | D:1      | Reached skill level 5 in Hexes
   563 | D:1      | Reached skill level 5 in Stealth
   956 | D:2      | Reached XP level 3. HP: 21/24 MP: 1/6
  1685 | D:3      | Reached skill level 6 in Stealth
  1825 | D:3      | Gained mutation: Your system is resistant to poisons. (rPois) [potion of mutation]
  1825 | D:3      | Gained mutation: You have a somewhat thin skeletal structure. (Dex +2, Stealth) [potion of mutation]
  1825 | D:3      | Gained mutation: Your spells are a little harder to cast, but a little more powerful. [potion of mutation]
  1825 | D:3      | Slain by an orc wizard

Vault maps used:
D:1:      minmay_arrival_solitary_statue, minmay_rat_gold_closets
D:3:      small_statue_intersection

Skill      XL: |  1  2  3 |
---------------+----------+-----
Hexes          | 5 |  5.7
Stealth        | 5 6 |  6.1
Short Blades   | |  1.1
Dodging        | |  2.1
Spellcasting   | |  2.0

Action                   || total
-------------------------++-------
Melee: Dagger            ||    81
       Bite              ||     9
 Cast: Ensorcelled Hiber ||    25
  Use: Potion            ||     1
 Stab: Sleeping          ||    26
Armor: Robe              ||    12
Dodge: Dodged            ||    44
